 Dungeon Crawl Stone Soup version 0.28.0 (webtiles) character file.

Game seed: 16836216024674083984

72 Kikato the Vexing (level 4, 0/34 HPs)
             Began as a Gnoll Arcane Marksman on Feb 8, 2022.
             Slain by an orc (5 damage)
             ... on level 3 of the Dungeon.
             The game lasted 00:13:41 (2915 turns).

Kikato the Vexing (Gnoll Arcane Marksman)           Turns: 2915, Time: 00:13:41

Health: 0/34       AC:  3    Str:  9    XL:     4   Next: 25%
Magic:  8/8        EV: 13    Int: 13    God:
Gold:   66         SH:  0    Dex: 14    Spells: 8/9 levels left

rFire   . . .      SeeInvis .   i - +0 hunting sling
rCold   . . .      Faith    .   (no shield)
rNeg    . . .      Spirit   .   d - +1 robe
rPois   .          Reflect  .   (no helmet)
rElec   .          Harm     .   (no cloak)
rCorr   .          Rampage  .   (no gloves)
Will    .....                   (no boots)
Stlth   ++........              (no amulet)
HPRegen 0.11/turn               f - ring of flight
MPRegen 0.11/turn               (no ring)

@: flying
A: fangs 1, strong nose, distributed training
a: no special abilities


You were on level 3 of the Dungeon.
You visited 1 branch of the dungeon, and saw 3 of its levels.

You collected 66 gold pieces.

Inventory:

Hand Weapons
 a - a +0 hand crossbow
 i - a +0 hunting sling (weapon)
Missiles
 g - 45 arrows
 h - 134 stones (quivered ammo)
 l - 7 sling bullets
Armour
 d - a +1 robe (worn)
 m - a +0 pair of boots
Jewellery
 f - a ring of flight (left hand)
 n - a ring of protection from cold
 p - a ring of poison resistance
Scrolls
 o - a scroll of magic mapping {unknown}
Potions
 b - a potion of degeneration {unknown}
 j - a potion of might {unknown}
 k - a potion of lignification {unknown}


   Skills:
 + Level 2.7 Fighting
 + Level 1.1 Short Blades
 + Level 1.1 Long Blades
 + Level 1.1 Axes
 + Level 1.1 Maces & Flails
 + Level 1.1 Polearms
 + Level 1.1 Staves
 + Level 1.1 Slings
 + Level 1.1 Bows
 + Level 4.6 Crossbows
 + Level 1.1 Throwing
 + Level 1.1 Armour
 + Level 4.6 Dodging
 + Level 1.1 Stealth
 + Level 1.1 Shields
 + Level 1.1 Unarmed Combat
 + Level 3.0 Spellcasting
 + Level 0.8 Conjurations
 + Level 5.4 Hexes
 + Level 0.8 Summonings
 + Level 0.8 Necromancy
 + Level 0.8 Translocations
 + Level 0.8 Transmutations
 + Level 0.8 Fire Magic
 + Level 0.8 Ice Magic
 + Level 0.8 Air Magic
 + Level 0.8 Earth Magic
 + Level 0.8 Poison Magic
 + Level 1.2 Invocations
 + Level 1.1 Evocations


You had 8 spell levels left.
You knew the following spells:

 Your Spells              Type           Power      Damage    Failure   Level
a - Slow                  Hex            64%        N/A       2%          1

Your spell library contained the following spells:

 Spells                   Type           Power      Damage    Failure   Level
 Inner Flame              Hex/Fire       10%        N/A       19%         3
 Portal Projectile        Hex/Tloc       20%        N/A       19%         3
 Cause Fear               Hex            8%         N/A       24%         4


Dungeon Overview and Level Annotations

Branches:
Dungeon (3/15)

Altars:


Innate Abilities, Weirdness & Mutations

You have very sharp teeth.
Your uncanny sense of smell can sniff out nearby items.
Your experience applies equally to all skills.


Message History

A rat comes into view.
The orc hits you with a +0 hand axe.
Fire: 138 stones
Press: ? - help, Q - select action, (/) - cycle Shift-Dir - straight line, f - orc
Aim: an orc, wielding a +0 hand axe and wearing a +0 ring mail (63% to hit)
You shoot a stone.
The stone hits the orc but does no damage.
The orc priest calls down the wrath of Beogh upon you.
Pain shoots through your body! The orc closely misses you.
The orc priest mumbles some strange prayers to Beogh against you.
Pain shoots through your body!
Fire: 137 stones
Press: ? - help, Q - select action, (/) - cycle Shift-Dir - straight line, f/p - orc
Aim: an orc, wielding a +0 hand axe and wearing a +0 ring mail (63% to hit)
You shoot a stone. The stone closely misses the orc.
The stone misses the adder.
The stone closely misses the orc.
The orc closely misses you. The orc priest misses you.
Fire: 136 stones
Press: ? - help, Q - select action, (/) - cycle Shift-Dir - straight line, f/p - orc
Aim: an orc, wielding a +0 hand axe and wearing a +0 ring mail (63% to hit)
You shoot a stone. The stone completely misses the orc.
The stone completely misses the adder.
The stone closely misses the orc.
The stone hits the rat.
You kill the rat!
A bat comes into view.
The orc hits you with a +0 hand axe. The orc priest closely misses you.
Fire: 135 stones
Press: ? - help, Q - select action, (/) - cycle Shift-Dir - straight line, f/p - orc
Aim: an orc, wielding a +0 hand axe and wearing a +0 ring mail (63% to hit)
You shoot a stone. The stone barely misses the orc.
The stone hits the adder but does no damage.
The orc hits you with a +0 hand axe.
The orc priest invokes the aid of Beogh against you.
Beogh smites you!
* * * LOW HITPOINT WARNING * * *
As you read the scroll labelled YKHLISTEOME, it crumbles to dust.
It is a scroll of enchant armour.
Your +0 robe glows green for a moment.
The orc hits you with a +0 hand axe.
You die... .(... ....# .(..# #(..# #(..# #So.# #bor#

#########
####o#####.......#
#...@............#
#........[.......#
#...........########
#..................#
####.######.######.#
∆ #.# #.#....#.#
#.######.#.##.#.#
#.#...........#.#
#.#.####.#.#..#.#


You could see an orc priest, an adder, 2 orcs and a bat.

Vanquished Creatures
  A worm (D:2)
  A dart slug (D:1)
  2 orcs (D:3)
  4 endoplasms
  2 giant cockroaches
  6 goblins
  7 hobgoblins
  6 jackals
  3 kobolds
  4 quokkas
  3 ball pythons
  8 bats
  6 frilled lizards
  6 rats
59 creatures vanquished.

Notes
Turn   | Place    | Note
-------+----------+-------------------------------------------
     0 | D:1      | Kikato the Gnoll Arcane Marksman began the quest for the
                  | Orb.
     0 | D:1      | Reached XP level 1. HP: 17/17 MP: 4/4
    92 | D:1      | Reached XP level 2. HP: 22/23 MP: 5/5
   796 | D:1      | Reached XP level 3. HP: 25/28 MP: 7/7
  1418 | D:2      | Found a faded altar of an unknown god.
  1470 | D:2      | Reached skill level 1 in Invocations
  1991 | D:2      | Reached skill level 1 in Short Blades
  1991 | D:2      | Reached skill level 1 in Long Blades
  1991 | D:2      | Reached skill level 1 in Axes
  1991 | D:2      | Reached skill level 1 in Maces & Flails
  1991 | D:2      | Reached skill level 1 in Polearms
  1991 | D:2      | Reached skill level 1 in Staves
  1991 | D:2      | Reached skill level 1 in Slings
  1991 | D:2      | Reached skill level 1 in Bows
  1991 | D:2      | Reached skill level 1 in Throwing
  1991 | D:2      | Reached skill level 1 in Armour
  1991 | D:2      | Reached skill level 1 in Stealth
  1991 | D:2      | Reached skill level 1 in Shields
  1991 | D:2      | Reached skill level 1 in Unarmed Combat
  1991 | D:2      | Reached skill level 1 in Evocations
  2197 | D:2      | Reached XP level 4. HP: 34/34 MP: 8/8
  2915 | D:3      | Slain by an orc

Illustrated notes

Levels and vault maps discovered:
D:1:      lightli_arrival_statuegarden, layout_basic
D:2:      layout_loops_ring, shapermc_ecumenical_altar_pompeii,
          serial_park_tiny_1, kennysheep_generic_room_6
D:3:      layout_basic, chequers_decorated_corner

Skill      XL: |  1  2  3  4 |
---------------+-------------+-----
Invocations    | 1 |  1.2
Short Blades   | 1 |  1.1
Long Blades    | 1 |  1.1
Axes           | 1 |  1.1
Maces & Flails | 1 |  1.1
Polearms       | 1 |  1.1
Staves         | 1 |  1.1
Slings         | 1 |  1.1
Bows           | 1 |  1.1
Throwing       | 1 |  1.1
Armour         | 1 |  1.1
Stealth        | 1 |  1.1
Shields        | 1 |  1.1
Unarmed Combat | 1 |  1.1
Evocations     | 1 |  1.1
Spellcasting   | 3 |  3.0
Fighting       | |  2.7
Crossbows      | |  4.6
Dodging        | |  4.6
Conjurations   | |  0.8
Hexes          | |  5.4
Summonings     | |  0.8
Necromancy     | |  0.8
Translocations | |  0.8
Transmutations | |  0.8
Fire Magic     | |  0.8
Ice Magic      | |  0.8
Air Magic      | |  0.8
Earth Magic    | |  0.8
Poison Magic   | |  0.8

Action                   |  1- 3 |  4- 6 || total
-------------------------+-------+-------++-------
 Fire: Hand crossbow     |   111 |    23 ||   134
       Hunting sling     |       |     4 ||     4
  Use: Scroll            |       |     1 ||     1
Armor: Robe              |    12 |     1 ||    13
Dodge: Dodged            |    42 |     8 ||    50
